[Event "86th Tata Steel Tienkamp 2024"]
[Site "Wijk aan Zee"]
[Date "2024.01.22"]
[Round "4.3"]
[White "Pastar, Slaven"]
[Black "Holzke, Frank"]
[Result "1/2-1/2"]
[ECO "B51"]
[WhiteElo "2343"]
[BlackElo "2460"]
[Annotator "RC"]
[PlyCount "235"]
[EventDate "2024.01.02"]
[EventType "tourn"]
[EventCountry "NED"]
[SourceTitle "playchess.com"]
[Source "ChessBase"]
[SourceQuality "1"]
[TimeControl "40/6000+30:20/3000+30:900+30"]

1. e4 c5 2. Nf3 d6 3. Bb5+ Nc6 4. O-O Bd7 5. Re1 Nf6 6. c3 a6 7. Bf1 e6 8. d4 cxd4 9. cxd4 d5 10. e5 Ne4 11. Nbd2 Nxd2 12. Bxd2 Be7 13. Rc1 O-O 14. Bd3 f5 15. exf6 Bxf6 16. Bc3 Rc8 17. Bb1 Qe7 18. Qd3 g6 19. a3 Qg7 20. Qe3 Be7 21. Bd3 Bd6 22. Ne5 Nxe5 23. dxe5 Bc5 24. Bd4 Bxd4 25. Qxd4 Bb5 26. Bxb5 axb5 27. Rc5 b6 28. Rxc8 Rxc8 29. Qxb6 Qxe5 30. Kf1 Qf6 31. Qxe6+ Qxe6 32. Rxe6 Rc1+ 33. Re1 Rc2 34. Re2 Rc1+ 35. Re1 Rc2 36. b4 Kf7 37. Re5 Rd2 38. Ke1 Rd4 39. Ke2 Kf6 40. f4 h6 41. g3 g5 42. h4 gxf4 43. gxf4 Rxf4 44. Rxd5 Rxh4 45. Rxb5 Rh2+ 46. Kf1 Ra2 47. Ra5 h5 48. a4 h4 49. b5 h3 50. Kg1 Rg2+ 51. Kh1 Rb2 52. Ra8 Kg6 53. Rb8 Kg5 54. b6 Kg4 55. Rg8+ Kh4 56. a5 Rb5 57. Kg1 Rb2 58. Rc8 Rb1+ 59. Kf2 Rb2+ 60. Ke3 h2 61. Rh8+ Kg3 62. Rxh2 Kxh2 63. Kd4 Rb5 64. Kc4 Rxa5 65. b7 Ra4+ 66. Kb3 Re4 67. b8=Q+ Kg2 68. Kc3 Kf3 69. Qf8+ Ke3 70. Qf5 Ra4 71. Qc5+ Kf4 72. Qc7+ Kg5 73. Qe5+ Kh4 74. Qe7+ Kg3 75. Qe1+ Kh3 76. Qe6+ Kh4 77. Qe7+ Kg3 78. Kd3 Rf4 79. Qe5 Kg4 80. Ke3 Rf3+ 81. Ke4 Rf1 82. Qg7+ Kh4 83. Qc3 Kg4 84. Qc8+ Kh4 85. Qc4 Rf8 86. Qb4 Rf7 87. Ke5+ Kg5 88. Qd2+ Kg4 89. Qd1+ Kg5 90. Qc1+ Kh5 91. Qc5 Rf1 92. Qb5 Rf2 93. Qc6 Rf1 94. Qe4 Rf7 95. Qh1+ Kg5 96. Qg2+ Kh5 97. Qh3+ Kg5 98. Qg3+ Kh5 99. Ke6 Rf8 100. Qc7 Kg6 101. Qd7 Kh6 102. Qe7 Rf4 103. Ke5 Rf1 104. Qh4+ Kg7 105. Ke6 Rf7 106. Qg5+ Kf8 107. Qh6+ Kg8 108. Qh5 Ra7 109. Qg5+ Kh7 110. Qh4+ Kg8 111. Qd8+ Kh7 112. Qd3+ Kg8 113. Kf6 Rf7+ 114. Kg6 Rg7+ 115. Kh6 Re7 116. Qd5+ Kf8 117. Kg6 Re6+ 118. Kf5 1/2-1/2

[Event "86th Tata Steel Tienkamp 2024"]
[Site "Wijk aan Zee"]
[Date "2024.01.22"]
[Round "4.4"]
[White "De Winter, Arthur"]
[Black "Zwirs, Nico"]
[Result "0-1"]
[ECO "B90"]
[WhiteElo "2409"]
[BlackElo "2476"]
[Annotator "RC"]
[PlyCount "52"]
[EventDate "2024.01.02"]
[EventType "tourn"]
[EventCountry "NED"]
[SourceTitle "playchess.com"]
[Source "ChessBase"]
[SourceQuality "1"]
[TimeControl "40/6000+30:20/3000+30:900+30"]

1. e4 c5 2. Nf3 d6 3. d4 cxd4 4. Nxd4 Nf6 5. Nc3 a6 6. h4 e5 7. Nb3 Be7 8. Be2 Be6 9. f4 b5 10. g4 b4 11. Nd5 Nxe4 12. Nxe7 Qxe7 13. f5 Qa7 14. Rf1 O-O 15. Qd3 Bxb3 16. axb3 d5 17. Be3 d4 18. Qxe4 dxe3 19. O-O-O Nd7 20. Qxb4 Nc5 21. Qa5 Rac8 22. Kb1 Ne4 23. f6 gxf6 24. g5 Qc7 25. Qxc7 Rxc7 26. gxf6 Nd2+ 0-1

[Event "86th Tata Steel Tienkamp 2024"]
[Site "Wijk aan Zee"]
[Date "2024.01.22"]
[Round "4.5"]
[White "Bekker, Stefan"]
[Black "Abdulla, Murad"]
[Result "1/2-1/2"]
[ECO "B06"]
[WhiteElo "2274"]
[BlackElo "2332"]
[Annotator "RC"]
[PlyCount "63"]
[EventDate "2024.01.02"]
[EventType "tourn"]
[EventCountry "NED"]
[SourceTitle "playchess.com"]
[Source "ChessBase"]
[SourceQuality "1"]
[TimeControl "40/6000+30:20/3000+30:900+30"]

1. e4 g6 2. d4 Bg7 3. Nc3 a6 4. Be3 b5 5. f3 Bb7 6. Nh3 d6 7. Qd2 Nd7 8. a4 b4 9. Nd1 a5 10. Bb5 c6 11. Be2 Qb6 12. O-O Ngf6 13. Ndf2 O-O 14. Nd3 c5 15. d5 e6 16. dxe6 fxe6 17. Bh6 c4+ 18. Ndf2 d5 19. Bxg7 Kxg7 20. exd5 exd5 21. Rfe1 Nc5 22. Bf1 Rfe8 23. Nf4 g5 24. Ne2 Ne6 25. Ng3 h6 26. h4 Nf4 27. Nf5+ Kg6 28. Ne7+ Kf7 29. Nf5 Kg6 30. Ne7+ Kf7 31. Nf5 Kg6 32. Ne7+ 1/2-1/2

[Event "86th Tata Steel Tienkamp 2024"]
[Site "Wijk aan Zee"]
[Date "2024.01.23"]
[Round "5.1"]
[White "Pijpers, Arthur"]
[Black "Pastar, Slaven"]
[Result "1/2-1/2"]
[ECO "C43"]
[WhiteElo "2441"]
[BlackElo "2343"]
[Annotator "RC"]
[PlyCount "53"]
[EventDate "2024.01.02"]
[EventType "tourn"]
[EventCountry "NED"]
[SourceTitle "playchess.com"]
[Source "ChessBase"]
[SourceQuality "1"]
[TimeControl "40/6000+30:20/3000+30:900+30"]

1. e4 e5 2. Nf3 Nf6 3. d4 Nxe4 4. Bd3 Nc6 5. d5 Nf6 6. Nc3 Nb4 7. Nxe5 Be7 8. Be2 O-O 9. Nc4 d6 10. Bf4 c6 11. dxc6 bxc6 12. Nxd6 Bxd6 13. Bxd6 Nxc2+ 14. Qxc2 Qxd6 15. O-O Be6 16. Bf3 Rab8 17. b3 c5 18. Rad1 Qa6 19. Nd5 Nxd5 20. Bxd5 Bxd5 21. Rxd5 Rfc8 22. Rc1 c4 23. bxc4 Rxc4 24. Rcd1 Rf8 25. Qd2 g6 26. Ra5 Qb6 27. Ra3 1/2-1/2

[Event "86th Tata Steel Tienkamp 2024"]
[Site "Wijk aan Zee"]
[Date "2024.01.23"]
[Round "5.2"]
[White "Van Foreest, Machteld"]
[Black "Baselmans, Luuk"]
[Result "1/2-1/2"]
[ECO "B22"]
[WhiteElo "2363"]
[BlackElo "2323"]
[Annotator "RC"]
[PlyCount "67"]
[EventDate "2024.01.02"]
[EventType "tourn"]
[EventCountry "NED"]
[SourceTitle "playchess.com"]
[Source "ChessBase"]
[SourceQuality "1"]
[TimeControl "40/6000+30:20/3000+30:900+30"]

1. e4 c5 2. c3 Nf6 3. e5 Nd5 4. Bc4 Nb6 5. Bb3 Nc6 6. Nf3 d5 7. exd6 Qxd6 8. O-O Be6 9. Na3 Bxb3 10. Qxb3 Qd3 11. Re1 e6 12. Nb5 c4 13. Qd1 Rc8 14. Nfd4 Nxd4 15. Nxd4 Bd6 16. Qf3 Qxf3 17. Nxf3 O-O 18. Rd1 Rfd8 19. Kf1 e5 20. Re1 Re8 21. b3 e4 22. Nd4 Bc5 23. Nc2 Rcd8 24. Ke2 Rd5 25. Ba3 Bxa3 26. Nxa3 Red8 27. Red1 Rc8 28. Nxc4 Nxc4 29. bxc4 Rxc4 30. Rab1 b6 31. Rb4 Rxb4 32. cxb4 Rd4 33. Rc1 g6 34. Rc7 1/2-1/2

[Event "86th Tata Steel Tienkamp 2024"]
[Site "Wijk aan Zee"]
[Date "2024.01.23"]
[Round "5.3"]
[White "Zwirs, Nico"]
[Black "Bekker, Stefan"]
[Result "1-0"]
[ECO "B90"]
[WhiteElo "2476"]
[BlackElo "2274"]
[Annotator "RC"]
[PlyCount "141"]
[EventDate "2024.01.02"]
[EventType "tourn"]
[EventCountry "NED"]
[SourceTitle "playchess.com"]
[Source "ChessBase"]
[SourceQuality "1"]
[TimeControl "40/6000+30:20/3000+30:900+30"]

1. e4 c5 2. Nf3 d6 3. d4 cxd4 4. Nxd4 Nf6 5. Nc3 a6 6. Be3 e5 7. Nb3 Be6 8. h3 Nbd7 9. g4 h6 10. Qd2 Be7 11. O-O-O b5 12. f4 b4 13. Nd5 Nxe4 14. Qxb4 Bxd5 15. Rxd5 Nef6 16. Rd1 a5 17. Qa4 exf4 18. Bxf4 O-O 19. Bg2 Nb6 20. Qb5 d5 21. Nxa5 Bd6 22. Be3 Na4 23. Bd2 Nxb2 24. Qxb2 Rxa5 25. Bxa5 Qxa5 26. Rd3 d4 27. Rb3 Bf4+ 28. Kb1 Qd2 29. Bf3 Be5 30. Rd1 Qh2 31. c3 Qxh3 32. cxd4 Bd6 33. a4 Bc7 34. Qg2 Qh4 35. Qc2 Qg3 36. Ka2 Qf4 37. Qc1 Qh2+ 38. Qd2 Qd6 39. Qb4 Qa6 40. Qb5 Qa7 41. Rc1 Bd8 42. Rc4 Nh7 43. Qc5 Qa6 44. Bb7 Qe6 45. Rc2 Qxg4 46. a5 Bxa5 47. Rg2 Qd7 48. Qxa5 Qxd4 49. Qc3 Rd8 50. Qxd4 Rxd4 51. Kb2 Ng5 52. Rb5 g6 53. Bd5 Rf4 54. Kc3 Kg7 55. Kd3 Rf5 56. Bc4 Rf3+ 57. Ke2 Rc3 58. Rg4 Rc2+ 59. Ke3 Rc3+ 60. Ke2 Rc2+ 61. Ke1 Nf3+ 62. Kd1 Rd2+ 63. Kc1 Rd7 64. Rf4 Nd4 65. Rc5 Nf5 66. Be2 Nd4 67. Bc4 Nf5 68. Bb5 Re7 69. Bd3 Ng3 70. Rg4 Nh5 71. Rxh5 1-0

[Event "86th Tata Steel Tienkamp 2024"]
[Site "Wijk aan Zee"]
[Date "2024.01.23"]
[Round "5.4"]
[White "Holzke, Frank"]
[Black "De Winter, Arthur"]
[Result "1-0"]
[ECO "E66"]
[WhiteElo "2460"]
[BlackElo "2409"]
[Annotator "RC"]
[PlyCount "51"]
[EventDate "2024.01.02"]
[EventType "tourn"]
[EventCountry "NED"]
[SourceTitle "playchess.com"]
[Source "ChessBase"]
[SourceQuality "1"]
[TimeControl "40/6000+30:20/3000+30:900+30"]

1. d4 Nf6 2. c4 g6 3. Nc3 Bg7 4. Nf3 O-O 5. g3 d6 6. Bg2 c5 7. O-O Nc6 8. d5 Na5 9. Nd2 e6 10. Qc2 exd5 11. cxd5 Bf5 12. e4 Bd7 13. b3 b5 14. Bb2 Re8 15. Rae1 Rc8 16. Nd1 Nb7 17. Bc3 a5 18. Ne3 a4 19. f4 b4 20. Bb2 Bb5 21. Ndc4 a3 22. Ba1 Nh5 23. e5 dxe5 24. fxe5 Qg5 25. Qf2 Nd8 26. g4 1-0

[Event "86th Tata Steel Tienkamp 2024"]
[Site "Wijk aan Zee"]
[Date "2024.01.23"]
[Round "5.5"]
[White "Abdulla, Murad"]
[Black "Niermann, Tristan"]
[Result "1-0"]
[ECO "B32"]
[WhiteElo "2332"]
[BlackElo "2413"]
[Annotator "RC"]
[PlyCount "87"]
[EventDate "2024.01.02"]
[EventType "tourn"]
[EventCountry "NED"]
[SourceTitle "playchess.com"]
[Source "ChessBase"]
[SourceQuality "1"]
[TimeControl "40/6000+30:20/3000+30:900+30"]

1. e4 c5 2. Nf3 Nc6 3. d4 cxd4 4. Nxd4 e5 5. Nb5 d6 6. c4 Be6 7. N1c3 a6 8. Na3 g6 9. Be3 Nf6 10. h3 Bg7 11. Be2 O-O 12. Nc2 Rc8 13. b3 b5 14. cxb5 axb5 15. Bf3 Ne7 16. Bd2 d5 17. exd5 Nexd5 18. Nxb5 e4 19. Be2 e3 20. Nxe3 Ne4 21. Rb1 Qh4 22. O-O Rfd8 23. Qe1 Nxd2 24. Qxd2 Nc3 25. Qe1 Nxb1 26. Qxb1 Rd2 27. Bc4 Bxh3 28. Qe1 Rd7 29. gxh3 Re8 30. Ng2 Qd8 31. Qc1 Rd2 32. Nc3 Qd4 33. Nd5 Rxa2 34. Qf4 Re4 35. Qf3 Ra7 36. Nge3 h5 37. Rd1 Ra1 38. Rxa1 Qxa1+ 39. Kg2 Qe5 40. Qg3 Qe8 41. Nf6+ Bxf6 42. Qxg6+ Kf8 43. Qxf6 Qd7 44. Nf5 1-0

[Event "86th Tata Steel Tienkamp 2024"]
[Site "Wijk aan Zee"]
[Date "2024.01.24"]
[Round "6.1"]
[White "Zwirs, Nico"]
[Black "Holzke, Frank"]
[Result "1/2-1/2"]
[ECO "C55"]
[WhiteElo "2476"]
[BlackElo "2460"]
[Annotator "TA"]
[PlyCount "115"]
[EventDate "2024.01.02"]
[EventType "tourn"]
[EventCountry "NED"]
[SourceTitle "playchess.com"]
[Source "ChessBase"]
[SourceQuality "1"]
[TimeControl "40/6000+30:20/3000+30:900+30"]

1. e4 e5 2. Nf3 Nc6 3. Bc4 Nf6 4. d3 Be7 5. O-O O-O 6. Re1 d6 7. a4 Be6 8. Nc3 Bg4 9. h3 Bxf3 10. Qxf3 Nd4 11. Qd1 c6 12. Ba2 a5 13. Ne2 d5 14. Ng3 Qc7 15. c3 Ne6 16. Nf5 Rfe8 17. Qf3 Rad8 18. Qg3 Nh5 19. Qg4 (19. Nh6+ $14 Kf8 20. Qf3) 19... Nf6 20. Qg3 Nh5 21. Qf3 Nhf4 (21... Nf6 $1 $11) 22. exd5 $14 cxd5 {[%emt 0:02:32] [#]} 23. Nxe7+ ({White should try} 23. h4 $1 $16) 23... Rxe7 $11 24. Bd2 Qd6 25. h4 e4 (25... d4 $11) 26. dxe4 dxe4 27. Bxf4 exf3 28. Bxd6 Rxd6 29. gxf3 Kf8 30. Bxe6 Rexe6 31. Rxe6 Rxe6 32. Rd1 Re2 33. b4 Rc2 34. Rd8+ Ke7 35. Rb8 Rxc3 36. Rxb7+ Kf6 37. Rb6+ Ke7 $1 38. Rb7+ Kf6 39. Rb6+ Ke7 $1 40. bxa5 Rc4 41. h5 Rxa4 42. a6 h6 43. Kg2 Ra5 44. Rb7+ Kf6 45. a7 g6 46. hxg6 fxg6 (46... Kxg6 $11 47. Kg3 Ra4) 47. Kf1 (47. Kg3 $16) 47... h5 (47... Ra1+ $1 $11 48. Ke2 h5) 48. Ke2 (48. Kg2 $16) 48... Ra3 49. Rh7 g5 (49... Ra1 $11 {keeps the balance.}) 50. Rc7 ({Much weaker is} 50. Rxh5 Kg6 51. Rh8 Rxa7 $11) (50. Kf1 $1 $16) 50... Kg6 (50... Ra1 $11) 51. Kf1 $16 Ra1+ 52. Kg2 Kh6 53. Rb7 Kg6 54. Rb6+ ({White should play} 54. Rd7 $16) 54... Kh7 $11 55. Rb7+ (55. f4 $11 gxf4 56. Kf3) 55... Kg6 $16 56. Kg3 Rg1+ 57. Kh3 ({Better is} 57. Kh2 $16 Ra1 58. Kg2) 57... Rh1+ $1 $11 58. Kg2 1/2-1/2

[Event "86th Tata Steel Tienkamp 2024"]
[Site "Wijk aan Zee"]
[Date "2024.01.24"]
[Round "6.2"]
[White "De Winter, Arthur"]
[Black "Pijpers, Arthur"]
[Result "1/2-1/2"]
[ECO "B76"]
[WhiteElo "2409"]
[BlackElo "2441"]
[Annotator "TA"]
[PlyCount "126"]
[EventDate "2024.01.02"]
[EventType "tourn"]
[EventCountry "NED"]
[SourceTitle "playchess.com"]
[Source "ChessBase"]
[SourceQuality "1"]
[TimeControl "40/6000+30:20/3000+30:900+30"]

1. e4 c5 2. Nf3 d6 3. d4 cxd4 4. Nxd4 Nf6 5. Nc3 g6 6. Be3 Bg7 7. f3 Nc6 8. Qd2 O-O 9. O-O-O d5 10. exd5 Nxd5 11. Nxc6 bxc6 12. Bd4 Bxd4 13. Qxd4 Qb6 14. Na4 Qc7 {[%emt 0:00:11] 14...Qc7 scores better than 14...Qa5. B76: Sicilian Dragon: Yugoslav Attack, 9 g4 and 9 0-0-0.} 15. Bc4 Nb6 {[%emt 0:00:27] White must now prevent ...e5.} 16. Bb3 Nxa4 {[%emt 0:00:42] White is slightly better.} 17. Qxa4 c5 18. h4 h5 {[%emt 0:00:15] [#]} 19. g4 $146 ({Predecessor:} 19. Rhe1 Rb8 20. Qe4 e6 21. Qe5 Rb7 22. Bc4 Qxe5 23. Rxe5 Rc7 24. Rd3 Kg7 25. f4 {1-0 To,N (2354)-Kshatriya,N (2224) Budapest FS04 IM 2023 (1)}) 19... c4 20. Qxc4 $16 Qxc4 21. Bxc4 {[%emt 0:00:03] gxh5 is the strong threat.} hxg4 22. Rhg1 gxf3 23. Rxg6+ Kh7 24. Rg3 $36 {[%emt 0:02:57][%cal Od1e1][%mdl 2048] White has strong initiative.} Bf5 25. Bd3 (25. Rxf3 Bg4 26. Rdd3 (26. Rxf7+ Rxf7 27. Bxf7 Bxd1 $17) 26... Bxf3 27. Rxf3 Kg6 $17) 25... Bxd3 26. Rxd3 $14 {[%emt 0:00:39][%mdl 4096] Endgame KRR-KRR} f2 (26... f5 $14) 27. Rgf3 Kg6 (27... f5 $142) 28. Rd7 Rfe8 (28... Rae8 $142) 29. Rxf2 $16 f5 30. c4 Kf6 31. c5 {[%emt 0:02:28] White has more active pieces.} Rh8 32. Rd4 Rac8 33. b4 Ke5 34. Rc4 (34. Rdf4 $16) 34... Kd5 $1 $11 35. Rcf4 (35. Rxf5+ $2 Kxc4 36. Rf4+ Kd5 $19) 35... e6 (35... e5 $14 36. Rd2+ (36. Rxf5 Rxh4 37. Re2 Rc4+ 38. Kd1 Rxb4 $11) 36... Kc6 37. Rd6+ (37. Rxf5 Rxh4 38. Rxe5 Rxb4 $11) 37... Kb5) 36. Kc2 Rcg8 (36... a5 $16 {might work better.}) 37. Rd2+ $18 Ke5 38. Rc4 Rg4 39. Kc3 (39. Rc3 $1 $18) 39... Rxc4+ $4 (39... Rhxh4 $11 40. Rxg4 fxg4) 40. Kxc4 $11 {[%emt 0:00:04] KR-KR} f4 {[%emt 0:00:04][%cal Of4f3] [#] ...f3! would be deadly.} 41. c6 $1 {[%emt 0:47:40][%cal Bc5c6,Bc6c7][%mdl 32] aiming for Kc5.} f3 42. Kc5 Kf4 (42... Rc8 $142 43. Rd7 Kf4 44. Rf7+ (44. Rxa7 Rf8 $16) 44... Kg3) 43. c7 $18 {[%emt 0:00:49] Strongly threatening Kc6.} Rc8 {[%emt 0:00:29] [#]} 44. Kc6 $1 e5 45. Rd8 {[%emt 0:00:54][%mdl 64] Trapped Piece} Rxc7+ 46. Kxc7 {[%emt 0:00:05] KR-K3P} e4 47. Re8 $2 (47. h5 {mates} Kg5 48. Rf8 Kxh5 49. Kd6 f2 50. Rxf2 Kg4 51. Ke5 e3 52. Rf4+ Kg3 53. Ke4) 47... f2 $1 $11 {[%emt 0:04:56] The position is equal.} 48. Rf8+ Kg3 {[%emt 0:00:01] And now ...e3 would win.} 49. h5 e3 50. h6 e2 51. h7 e1=Q {[%emt 0:02:22] ( -> ...Qe7+)} 52. h8=Q {[%emt 0:00:14] Some like it hot} (52. h8=R $2 {too greedy.} f1=Q 53. Rhg8+ Kh2 54. Rh8+ Qh3 55. Rxh3+ Kxh3 $19) 52... Qe7+ 53. Kc8 Qe6+ 54. Kb7 Qb6+ 55. Ka8 Qc6+ 56. Kxa7 Qa4+ $1 57. Kb6 {[%emt 0:01:33] Qg7+ would kill now.} Qxb4+ 58. Kc7 Qc5+ 59. Kd7 {[%emt 0:00:06] White wants to mate with Qg8+.} Qd5+ 60. Kc7 {[%emt 0:00:10] Threatening mate with Qg7+.} Qc5+ 61. Kd7 Qd5+ 62. Ke7 {[%emt 0:01:00] Intending Qg7+ and mate.} Qc5+ 63. Kd7 {[%emt 0:00:13] White threatens Qg8+ and mate.} Qd5+ {[%emt 0:00:03] Blacks defense is rewarded with a draw.   Weighted Error Value: White=0.18 (very precise) /Black=0.33} 1/2-1/2

[Event "86th Tata Steel Tienkamp 2024"]
[Site "Wijk aan Zee"]
[Date "2024.01.24"]
[Round "6.3"]
[White "Baselmans, Luuk"]
[Black "Abdulla, Murad"]
[Result "1-0"]
[ECO "B06"]
[WhiteElo "2323"]
[BlackElo "2332"]
[Annotator "TA"]
[PlyCount "75"]
[EventDate "2024.01.02"]
[EventType "tourn"]
[EventCountry "NED"]
[SourceTitle "playchess.com"]
[Source "ChessBase"]
[SourceQuality "1"]
[TimeControl "40/6000+30:20/3000+30:900+30"]

1. e4 g6 2. d4 Bg7 3. Nc3 a6 4. h4 h5 5. Be3 b5 6. Nh3 Bb7 7. Ng5 d6 8. g4 {[%emt 0:04:30] White is slightly better.} hxg4 9. Qxg4 {[%emt 0:00:17][%cal Og5f7] Black must now prevent Nxf7!} Nd7 10. Bh3 {[%emt 0:09:05][%cal Og5e6] Threatens to win with Ne6!} Ngf6 11. Qg2 Nf8 {[%emt 0:08:08][%cal Oe7e6] Repels Be6} 12. O-O-O e6 13. d5 Qe7 14. dxe6 {[%emt 0:02:09] White has more active pieces.} fxe6 15. f4 (15. f3 $16) 15... O-O-O (15... Rxh4 $11 16. Qf1 b4) 16. Qd2 (16. Qf2 {seems wilder.} N6d7 17. e5 Bxh1 18. Rxh1 dxe5 19. Qf3) 16... Kb8 (16... Rxh4 $14 17. Bxe6+ Nxe6 18. Rxh4 Nxe4 19. Ncxe4 (19. Nd5 Bxd5 20. Qxd5 N6xg5 $11) 19... Bxe4) 17. Bg2 $2 (17. e5 $1 $18 ) 17... N8d7 (17... N8h7 $11 {keeps the balance.}) 18. Qe2 ({White should play} 18. a4 $16) 18... Nh5 $11 {[%emt 0:07:10] aiming for ...Bxc3.} 19. Rh3 (19. Qe1 $11) 19... Nb6 (19... Bxc3 $17 20. bxc3 Rdf8) 20. e5 $15 d5 (20... Bxg2 $15 21. Qxg2 dxe5 22. fxe5 Bxe5 (22... Rxd1+ 23. Nxd1 Bxe5 24. Bxb6 $15) 23. Bxb6 Rxd1+ (23... cxb6 24. Qf2 $15) 24. Nxd1 cxb6) 21. Bxb6 $1 $14 cxb6 22. Qg4 $36 {[%emt 0:00:21][%mdl 2048] White is more active.} Bc8 {[%emt 0:04:34] [#]} 23. Ne2 $1 Bd7 24. Kb1 Rc8 (24... Bh6 $14) 25. Rc3 (25. Nd4 $16) 25... Rhf8 (25... Rxc3 $14 26. Nxc3 Bh6) 26. Rxc8+ $16 Bxc8 27. Nd4 ({Better is} 27. Bf3) 27... Bd7 $2 (27... Qe8 $16) 28. Rf1 (28. Ndxe6 $2 Nxf4 29. Bh3 (29. Bxd5 $2 Nxd5 30. a4 Nc7 $19) 29... Ka7 $17 (29... Bxe5 30. Qg1 $16)) (28. Ngxe6 $142 Nxf4 29. Qf3 (29. Nxf8 Bxg4 30. Nc6+ Kb7 $11) 29... Bxe5 (29... Nxe6 $2 30. Qxd5 Nc5 31. Qa8+ Kc7 32. Qa7+ Kc8 33. Nc6 $18) 30. Nxf4 (30. Nxf8 Qxf8 $18)) 28... Bh6 (28... Qc5 $142 29. Qd1 (29. Ngxe6 Qxd4 30. a3 Qc5 $19) (29. Ndxe6 Nxf4 30. Qxf4 Rxf4 $11) 29... Qc8 (29... Rxf4 $2 30. Ngxe6 Rxd4 31. Nxd4 $18) (29... Nxf4 $2 30. Rxf4 Re8 31. Qe2 $18)) 29. Ngxe6 $18 Nxf4 {[%emt 0:00:33] [#]} (29... Qe8) 30. Nxf8 $1 {[%emt 0:00:27] Excellent horsemanship.} Bxg4 31. Nc6+ Kc7 32. Nxe7 Nxg2 33. Nxd5+ Kc6 34. Nb4+ Kc5 35. Nd3+ Kd5 36. Nxg6 Ne3 37. Rf6 Bg7 38. Ne7+ {[%emt 0:00:15] Weighted Error Value: White=0.37/Black=0.72.  Loses game:     	---       	Black=1      Missed win:     	White=1     	---        Mistake:       	White=6     	Black=9      Inaccurate:     	White=2     	Black=3      OK:         	White=8     	Black=9      Best:        	White=4     	---        Strong:       	White=2     	---} 1-0

[Event "86th Tata Steel Tienkamp 2024"]
[Site "Wijk aan Zee"]
[Date "2024.01.24"]
[Round "6.4"]
[White "Bekker, Stefan"]
[Black "Niermann, Tristan"]
[Result "0-1"]
[ECO "C55"]
[WhiteElo "2274"]
[BlackElo "2413"]
[Annotator "ChessBase"]
[PlyCount "64"]
[EventDate "2024.01.02"]
[EventType "tourn"]
[EventCountry "NED"]
[SourceTitle "playchess.com"]
[Source "ChessBase"]
[SourceQuality "1"]
[TimeControl "40/6000+30:20/3000+30:900+30"]

1. e4 e5 2. Nf3 Nc6 3. Bc4 Nf6 4. d3 Be7 5. O-O O-O 6. a4 d5 7. exd5 Nxd5 8. a5 a6 9. Re1 Bg4 10. c3 Qd7 11. Bb3 Kh8 12. Bc2 Bh5 13. Nbd2 f5 14. Nf1 Bf6 15. Ng3 Bf7 16. Ra4 h6 17. Nd2 g6 18. Nb3 Kg7 19. Nc5 Qc8 20. Nb3 Rd8 21. Qe2 b5 22. axb6 cxb6 23. Ra1 a5 24. Nd2 Nf4 25. Qf1 Nb4 26. cxb4 Qxc2 27. Nc4 Nxd3 28. Nxb6 Nxe1 29. Nxa8 Rd1 30. Bxh6+ Kxh6 31. Rxd1 Qxd1 32. bxa5 Bc4 0-1

[Event "86th Tata Steel Tienkamp 2024"]
[Site "Wijk aan Zee"]
[Date "2024.01.24"]
[Round "6.5"]
[White "Pastar, Slaven"]
[Black "Van Foreest, Machteld"]
[Result "1/2-1/2"]
[ECO "C47"]
[WhiteElo "2343"]
[BlackElo "2363"]
[Annotator "RC"]
[PlyCount "67"]
[EventDate "2024.01.02"]
[EventType "tourn"]
[EventCountry "NED"]
[SourceTitle "playchess.com"]
[Source "ChessBase"]
[SourceQuality "1"]
[TimeControl "40/6000+30:20/3000+30:900+30"]

1. e4 e5 2. Nf3 Nc6 3. Nc3 Nf6 4. d4 exd4 5. Nxd4 Bb4 6. Nxc6 bxc6 7. Bd3 d5 8. exd5 O-O 9. O-O Bg4 10. Ne2 cxd5 11. h3 Bh5 12. c4 dxc4 13. Bxc4 Qxd1 14. Rxd1 Bc5 15. g4 Bg6 16. Nc3 Rae8 17. Bg5 Ne4 18. Nxe4 Bxe4 19. Rac1 Bb6 20. Rd7 Bc6 21. Rd2 Bf3 22. Rd7 Bc6 23. Rxf7 Rxf7 24. Bxf7+ Kxf7 25. Rxc6 Re1+ 26. Kg2 Re2 27. Be3 Bxe3 28. Kf3 Rxb2 29. Rxc7+ Kf6 30. fxe3 Rxa2 31. Rc6+ Ke5 32. Rc7 Kf6 33. Rc6+ Ke5 34. Rc7 1/2-1/2

[Event "86th Tata Steel Tienkamp 2024"]
[Site "Wijk aan Zee"]
[Date "2024.01.26"]
[Round "7.1"]
[White "Pijpers, Arthur"]
[Black "Zwirs, Nico"]
[Result "1/2-1/2"]
[ECO "C56"]
[WhiteElo "2441"]
[BlackElo "2476"]
[Annotator "TA"]
[PlyCount "40"]
[EventDate "2024.01.02"]
[EventType "tourn"]
[EventCountry "NED"]
[SourceTitle "playchess.com"]
[Source "ChessBase"]
[SourceQuality "1"]
[TimeControl "40/6000+30:20/3000+30:900+30"]

1. e4 e5 2. Nf3 Nc6 3. Bc4 Nf6 4. d4 exd4 5. O-O Nxe4 6. Re1 d5 7. Bxd5 Qxd5 8. Nc3 Qa5 9. Nxe4 Be6 10. Neg5 O-O-O 11. Nxe6 fxe6 12. Rxe6 {[%emt 0:00:06] Weiss will Bg5 spielen.} Qd5 13. Qe2 {[%emt 0:11:57] Mit der Idee Bg5.} Bc5 14. Bg5 Rdf8 15. Qe4 Qxe4 16. Rxe4 Re8 17. Rae1 Kd7 18. Rxe8 (18. Kf1 $14) 18... Rxe8 $11 {[%emt 0:00:41] Die Stellung ist ausgeglichen.} 19. Rxe8 Kxe8 20. Kf1 Kd7 {[%emt 0:06:46] Gewichteter Fehlerwert: Weiß=0.10 (sehr präzise) /Schwarz=0.07 (makellos) .  Fehler:       	Weiß=1     	---        Ungenau:       	---       	Schwarz=1     OK:         	Weiß=4     	Schwarz=4} 1/2-1/2

[Event "86th Tata Steel Tienkamp 2024"]
[Site "Wijk aan Zee"]
[Date "2024.01.26"]
[Round "7.2"]
[White "Niermann, Tristan"]
[Black "Baselmans, Luuk"]
[Result "1-0"]
[ECO "A47"]
[WhiteElo "2413"]
[BlackElo "2323"]
[Annotator "RC"]
[PlyCount "55"]
[EventDate "2024.01.02"]
[EventType "tourn"]
[EventCountry "NED"]
[SourceTitle "playchess.com"]
[Source "ChessBase"]
[SourceQuality "1"]
[TimeControl "40/6000+30:20/3000+30:900+30"]

1. d4 Nf6 2. Nf3 e6 3. Bf4 b6 4. Nbd2 Bb7 5. e3 g6 6. Bd3 d5 7. c3 Bg7 8. h4 Nbd7 9. Ne5 Nxe5 10. Bxe5 h5 11. Qe2 Qe7 12. f3 a6 13. g4 Kf8 14. O-O-O c5 15. Nf1 c4 16. Bc2 hxg4 17. fxg4 Ne4 18. Bxe4 dxe4 19. Qh2 Kg8 20. g5 Rd8 21. Bc7 Rxh4 22. Qxh4 Qxc7 23. Nd2 Rd5 24. Nxe4 Rf5 25. Rdf1 Kf8 26. Rhg1 e5 27. Nf6 Qe7 28. Rxf5 1-0